| TOP OF THE 1ST |
|
Spokane Indians batting - Pitching for Tucson Toros : RHP Mark Littell
|
|
Pitching: RHP Mark Littell
|
|
|
Batting: SHB Jose Oquendo
|
0-0: Ball 1-0: Ball 2-0: Called Strike 2-1: Ball 3-1: Foul Ball, location: 2F 3-2: Foul Ball, location: 2F 3-2: Foul Ball, location: 2F 3-2: Strikes out swinging, 2-3 out at first.
|
|
Batting: LHB Stu Pederson
|
0-0: Foul Ball, location: 2F 0-1: Ball 1-1: Swinging Strike 1-2: Strikes out swinging
|
|
Batting: SHB Mark Gillaspie
|
0-0: Foul Ball, location: 2F 0-1: Ball 1-1: Swinging Strike 1-2: Strikes out swinging
|
| Top of the 1st over - 0 runs, 0 hits, 0 errors, 0 left on base; Spokane 0 - Tucson 0 |
| BOTTOM OF THE 1ST |
|
Tucson Toros batting - Pitching for Spokane Indians : LHP Alberto Argueta
|
|
Pitching: LHP Alberto Argueta
|
|
|
Batting: RHB Talmadge Tanks
|
0-0: Called Strike 0-1: Ball 1-1: Fly out, F3 (Popup, 34S, EV 84.4 MPH)
|
|
Batting: RHB Mike A Marshall
|
0-0: Called Strike 0-1: Ball 1-1: Foul Ball, location: 2F 1-2: Foul Ball, location: 2F 1-2: DOUBLE (Line Drive, 89M, EV 92.5 MPH)
|
|
Batting: RHB Kevin McReynolds
|
0-0: Foul Ball, location: 2F 0-1: Called Strike 0-2: Fly out, F5 (Flyball, 5D, EV 73.1 MPH)
|
|
Batting: RHB Tim Teufel
|
0-0: Ball 1-0: Foul Ball, location: 2F 1-1: Ball 2-1: Ball 3-1: Base on Balls
|
|
Batting: LHB Tim Krauss
|
0-0: Swinging Strike 0-1: Ball 1-1: Ball 2-1: Fielders Choice at 2nd, 6-4 (Groundball, 6, EV 96.9 MPH)
|
| Bottom of the 1st over - 0 runs, 1 hit, 0 errors, 2 left on base; Spokane 0 - Tucson 0 |
| TOP OF THE 2ND |
|
Spokane Indians batting - Pitching for Tucson Toros : RHP Mark Littell
|
|
Batting: RHB Bill Schroeder
|
0-0: Ball 1-0: Ball 2-0: Called Strike 2-1: Foul Ball, location: 2F 2-2: Strikes out swinging
|
|
Batting: LHB Dave Stockstill
|
0-0: Ball 1-0: Foul Ball, location: 2F 1-1: Called Strike 1-2: Ball 2-2: Ball 3-2: Base on Balls
|
|
Batting: RHB Tom Watkins
|
0-0: Called Strike 0-1: Called Strike 0-2: Ball 1-2: Fly out, F9 (Flyball, 89D, EV 90.6 MPH)
|
|
Batting: SHB Spike Owen
|
0-0: Called Strike 0-1: Fly out, F7 (Flyball, 7S, EV 87.5 MPH)
|
| Top of the 2nd over - 0 runs, 0 hits, 0 errors, 1 left on base; Spokane 0 - Tucson 0 |
| BOTTOM OF THE 2ND |
|
Tucson Toros batting - Pitching for Spokane Indians : LHP Alberto Argueta
|
|
Batting: SHB Wayne Tolleson
|
0-0: Fly out, F3 (Popup, 3SF, EV 63.8 MPH)
|
|
Batting: RHB Andy Pasillas
|
0-0: Called Strike 0-1: Ball 1-1: Ball 2-1: Ground out 4-3 (Groundball, 4, EV 100.6 MPH)
|
|
Batting: SHB Michael Miara
|
0-0: Ball 1-0: Fly out, F5 (Popup, 5SF, EV 76.3 MPH)
|
| Bottom of the 2nd over - 0 runs, 0 hits, 0 errors, 0 left on base; Spokane 0 - Tucson 0 |
| TOP OF THE 3RD |
|
Spokane Indians batting - Pitching for Tucson Toros : RHP Mark Littell
|
|
Batting: RHB Craig Landis
|
0-0: Ball 1-0: Called Strike 1-1: Ball 2-1: Ball 3-1: SINGLE (Groundball, 6MS, EV 74.4 MPH) (infield hit)
|
|
Batting: RHB Matthew Tyner
|
0-0: Foul Ball, location: 2F 0-1: Foul Ball, location: 2F 0-2: Ball 1-2: DOUBLE (Line Drive, 7LS, EV 100.6 MPH) Craig Landis to third
|
|
Batting: SHB Jose Oquendo
|
0-0: Called Strike 0-1: Ball 1-1: Foul Ball, location: 2F 1-2: Ground out 6-3 (Groundball, 6, EV 77.5 MPH) Craig Landis scores
|
|
Batting: LHB Stu Pederson
|
0-0: Ball 1-0: Foul Ball, location: 2F 1-1: Swinging Strike 1-2: Foul Ball, location: 2F 1-2: Ball 2-2: Strikes out swinging
|
|
Batting: SHB Mark Gillaspie
|
0-0: Ball 1-0: Called Strike 1-1: Called Strike 1-2: Ball 2-2: Ground out 2-3 (Groundball, 13S, EV 64.4 MPH)
|
| Top of the 3rd over - 1 run, 2 hits, 0 errors, 1 left on base; Spokane 1 - Tucson 0 |
| BOTTOM OF THE 3RD |
|
Tucson Toros batting - Pitching for Spokane Indians : LHP Alberto Argueta
|
|
Batting: LHB Bruce Boisclair
|
0-0: Called Strike 0-1: Ball 1-1: Ball 2-1: Foul Ball, location: 2F 2-2: Strikes out swinging
|
|
Batting: RHB Talmadge Tanks
|
0-0: Called Strike 0-1: Ground out 4-3 (Groundball, 4, EV 108.1 MPH)
|
|
Batting: RHB Mike A Marshall
|
0-0: Foul Ball, location: 2F 0-1: Called Strike 0-2: Ball 1-2: Foul Ball, location: 2F 1-2: SINGLE (Groundball, 6MD, EV 103.8 MPH)
|
|
Batting: RHB Kevin McReynolds
|
0-0: Foul Ball, location: 2F 0-1: Ball 1-1: Ball 2-1: Ball 3-1: Fly out, F8 (Flyball, 8RD, EV 93.8 MPH)
|
| Bottom of the 3rd over - 0 runs, 1 hit, 0 errors, 1 left on base; Spokane 1 - Tucson 0 |
| TOP OF THE 4TH |
|
Spokane Indians batting - Pitching for Tucson Toros : RHP Mark Littell
|
|
Batting: RHB Bill Schroeder
|
0-0: Swinging Strike 0-1: Foul Ball, location: 2F 0-2: Strikes out swinging
|
|
Batting: LHB Dave Stockstill
|
0-0: Ball 1-0: Foul Ball, location: 2F 1-1: Fly out, F5 (Popup, 5SF, EV 83.8 MPH)
|
|
Batting: RHB Tom Watkins
|
0-0: Swinging Strike 0-1: Ball 1-1: Ball 2-1: Foul Ball, location: 2F 2-2: Strikes out looking
|
| Top of the 4th over - 0 runs, 0 hits, 0 errors, 0 left on base; Spokane 1 - Tucson 0 |
| BOTTOM OF THE 4TH |
|
Tucson Toros batting - Pitching for Spokane Indians : LHP Alberto Argueta
|
|
Batting: RHB Tim Teufel
|
0-0: Ball 1-0: Foul Ball, location: 2F 1-1: Ball 2-1: Swinging Strike 2-2: Ball 3-2: Fly out, F9 (Flyball, 9D, EV 83.8 MPH)
|
|
Batting: LHB Tim Krauss
|
0-0: Called Strike 0-1: Ball 1-1: Called Strike 1-2: SINGLE (Line Drive, 6D, EV 94.4 MPH)
|
|
Batting: SHB Wayne Tolleson
|
0-0: Foul Ball, location: 2F 0-1: Foul Ball, location: 2F 0-2: Ball 1-2: Ball 2-2: Fly out, F8 (Flyball, 8LD, EV 91.9 MPH)
|
|
Batting: RHB Andy Pasillas
|
0-0: Ball 1-0: Ball 2-0: Swinging Strike 2-1: Foul Ball, location: 2F 2-2: Foul Ball, location: 2F 2-2: Ball 3-2: Ground out 2-3 (Groundball, 15S, EV 66.9 MPH)
|
| Bottom of the 4th over - 0 runs, 1 hit, 0 errors, 1 left on base; Spokane 1 - Tucson 0 |
| TOP OF THE 5TH |
|
Spokane Indians batting - Pitching for Tucson Toros : RHP Mark Littell
|
|
Batting: SHB Spike Owen
|
0-0: Fly out, F8 (Line Drive, 8LD, EV 88.1 MPH)
|
|
Batting: RHB Craig Landis
|
0-0: Called Strike 0-1: Ball 1-1: Ball 2-1: Ball 3-1: Foul Ball, location: 2F 3-2: Base on Balls
|
|
Batting: RHB Matthew Tyner
|
0-0: Ball Craig Landis steals 2nd base 1-0: Ball 2-0: Swinging Strike 2-1: Fly out, F7 (Line Drive, 7D, EV 93.8 MPH)
|
|
Batting: SHB Jose Oquendo
|
0-0: Ball 1-0: Ball 2-0: Swinging Strike 2-1: Foul Ball, location: 2F 2-2: Foul Ball, location: 2F 2-2: Strikes out looking
|
| Top of the 5th over - 0 runs, 0 hits, 0 errors, 1 left on base; Spokane 1 - Tucson 0 |
| BOTTOM OF THE 5TH |
|
Tucson Toros batting - Pitching for Spokane Indians : LHP Alberto Argueta
|
|
Batting: SHB Michael Miara
|
0-0: Ball 1-0: Foul Ball, location: 2F 1-1: Ball 2-1: Swinging Strike 2-2: Fly out, F9 (Flyball, 89S, EV 88.8 MPH)
|
|
Batting: LHB Bruce Boisclair
|
0-0: Called Strike 0-1: DOUBLE (Flyball, 78D, EV 104.4 MPH)
|
|
Batting: RHB Talmadge Tanks
|
0-0: Ball 1-0: Ball 2-0: Ball 3-0: Base on Balls
|
|
Batting: RHB Mike A Marshall
|
0-0: Ball Wild Pitch! Bruce Boisclair to third Talmadge Tanks to second 1-0: Foul Ball, location: 2F 1-1: Ball 2-1: Fly out, F7 (Line Drive, 7, EV 94.4 MPH)
|
|
Batting: RHB Kevin McReynolds
|
0-0: Called Strike 0-1: Ball 1-1: Called Strike 1-2: Fly out, F9 (Flyball, 9D, EV 106.3 MPH)
|
| Bottom of the 5th over - 0 runs, 1 hit, 0 errors, 2 left on base; Spokane 1 - Tucson 0 |
| TOP OF THE 6TH |
|
Spokane Indians batting - Pitching for Tucson Toros : RHP Mark Littell
|
|
Batting: LHB Stu Pederson
|
0-0: Ball 1-0: SINGLE (Groundball, 3D, EV 95.0 MPH)
|
|
Batting: SHB Mark Gillaspie
|
0-0: Called Strike 0-1: Ball 1-1: Ball 2-1: Ball 3-1: Foul Ball, location: 2F 3-2: Foul Ball, location: 2F 3-2: Fly out, F7 (Flyball, 7S, EV 86.9 MPH)
|
|
Batting: RHB Bill Schroeder
|
0-0: Ball 1-0: Foul Ball, location: 2F 1-1: Called Strike 1-2: Ball 2-2: Ball 3-2: Strikes out swinging
|
|
Pitching: RHP Dale Harrington
|
|
|
Batting: LHB Dave Stockstill
|
0-0: Ball 1-0: Foul Ball, location: 2F 1-1: Foul Ball, location: 2F 1-2: Strikes out looking
|
| Top of the 6th over - 0 runs, 1 hit, 0 errors, 1 left on base; Spokane 1 - Tucson 0 |
| BOTTOM OF THE 6TH |
|
Tucson Toros batting - Pitching for Spokane Indians : LHP Alberto Argueta
|
|
Batting: RHB Tim Teufel
|
0-0: Swinging Strike 0-1: Called Strike 0-2: Ball 1-2: Ball 2-2: DOUBLE (Line Drive, 8RXD, EV 112.5 MPH)
|
|
Batting: LHB Tim Krauss
|
0-0: Ball 1-0: Fly out, F8 (Line Drive, 8LM, EV 100.0 MPH)
|
|
Batting: SHB Wayne Tolleson
|
0-0: Ball 1-0: Reached via error on a dropped throw from 3B, E3 (Groundball, 56, EV 79.4 MPH) Tim Teufel to third
|
|
Batting: RHB Andy Pasillas
|
0-0: Ball 1-0: Called Strike 1-1: Ball 2-1: Foul Ball, location: 2F 2-2: SINGLE (Groundball, 4MD, EV 104.4 MPH) Tim Teufel scores Wayne Tolleson to second Runner from 2nd tries for 3rd, SAFE, throw by CF made to third
|
|
Now at 3B: Ty Waller
|
|
|
Batting: SHB Michael Miara
|
Squeeze bunt is on, Wayne Tolleson is safe 0-1: Ball 1-1: SINGLE (Line Drive, 9S, EV 88.1 MPH) Andy Pasillas to second Runner from 2nd tries for 3rd, SAFE, no throw by RF
|
|
Batting: LHB Bruce Boisclair
|
0-0: Ball 1-0: Ball 2-0: Ball 3-0: Called Strike 3-1: Foul Ball, location: 2F 3-2: Foul Ball, location: 2F 3-2: Grounds into double play, 4-6-3 (Groundball, 34, EV 85.6 MPH)
|
| Bottom of the 6th over - 2 runs, 3 hits, 1 error, 1 left on base; Spokane 1 - Tucson 2 |
| TOP OF THE 7TH |
|
Spokane Indians batting - Pitching for Tucson Toros : RHP Dale Harrington
|
|
Batting: RHB Tom Watkins
|
0-0: Ball 1-0: Foul Ball, location: 2F 1-1: Ground out 4-3 (Groundball, 4, EV 85.6 MPH)
|
|
Batting: SHB Spike Owen
|
0-0: Ground out 6-3 (Groundball, 6S, EV 83.1 MPH)
|
|
Batting: RHB Ty Waller
|
0-0: Foul Ball, location: 2F 0-1: Fly out, F9 (Flyball, 89M, EV 89.4 MPH)
|
| Top of the 7th over - 0 runs, 0 hits, 0 errors, 0 left on base; Spokane 1 - Tucson 2 |
| BOTTOM OF THE 7TH |
|
Tucson Toros batting - Pitching for Spokane Indians : LHP Alberto Argueta
|
|
Batting: RHB Talmadge Tanks
|
0-0: Swinging Strike 0-1: Called Strike 0-2: Ball 1-2: Fly out, F9 (Flyball, 9LS, EV 81.9 MPH)
|
|
Batting: RHB Mike A Marshall
|
0-0: Called Strike 0-1: Ball 1-1: Foul Ball, location: 2F 1-2: Foul Ball, location: 2F 1-2: Foul Ball, location: 2F 1-2: Strikes out swinging
|
|
Batting: RHB Kevin McReynolds
|
0-0: Called Strike 0-1: Ball 1-1: Called Strike 1-2: Strikes out swinging
|
| Bottom of the 7th over - 0 runs, 0 hits, 0 errors, 0 left on base; Spokane 1 - Tucson 2 |
| TOP OF THE 8TH |
|
Spokane Indians batting - Pitching for Tucson Toros : RHP Dale Harrington
|
|
Batting: RHB Matthew Tyner
|
0-0: Ball 1-0: Foul Ball, location: 2F 1-1: Swinging Strike 1-2: Foul Ball, location: 2F 1-2: Ball 2-2: Strikes out swinging
|
|
Batting: SHB Jose Oquendo
|
0-0: Ball 1-0: Fly out, F8 (Flyball, 8LXD, EV 96.3 MPH)
|
|
Batting: LHB Stu Pederson
|
0-0: Called Strike 0-1: Ball 1-1: Foul Ball, location: 2F 1-2: Ball 2-2: Ground out 1-3 (Groundball, 34S, EV 70.0 MPH)
|
| Top of the 8th over - 0 runs, 0 hits, 0 errors, 0 left on base; Spokane 1 - Tucson 2 |
| BOTTOM OF THE 8TH |
|
Tucson Toros batting - Pitching for Spokane Indians : LHP Alberto Argueta
|
|
Batting: RHB Tim Teufel
|
0-0: Ball 1-0: Ground out 6-3 (Groundball, 6, EV 86.3 MPH)
|
|
Batting: LHB Tim Krauss
|
0-0: Ball 1-0: Ball 2-0: Called Strike 2-1: Swinging Strike 2-2: Strikes out swinging
|
|
Batting: SHB Wayne Tolleson
|
0-0: Fly out, F8 (Flyball, 8LD, EV 110.0 MPH)
|
| Bottom of the 8th over - 0 runs, 0 hits, 0 errors, 0 left on base; Spokane 1 - Tucson 2 |
| TOP OF THE 9TH |
|
Spokane Indians batting - Pitching for Tucson Toros : RHP Dale Harrington
|
|
Pitching: RHP Eddie Garcia
|
|
|
Now in LF: Danny Garcia
|
|
|
Batting: SHB Mark Gillaspie
|
0-0: Ball 1-0: Ball 2-0: Ball 3-0: Base on Balls
|
|
Batting: RHB Bill Schroeder
|
0-0: Ball 1-0: Ball 2-0: Foul Ball, location: 2F 2-1: Foul Ball, location: 2F 2-2: Hit by Pitch Mark Gillaspie to second
|
|
Batting: LHB Dave Stockstill
|
0-0: Ball 1-0: Ball 2-0: Fly out, F7 (Flyball, 7D, EV 78.1 MPH) Runner from 2nd tags up, SAFE at 3rd, no throw by LF
|
|
Batting: RHB Tom Watkins
|
0-0: Fly out, F5 (Popup, P, EV 75.0 MPH)
|
|
Batting: SHB Spike Owen
|
0-0: Ball 1-0: Foul Ball, location: 2F 1-1: Ball 2-1: Ball 3-1: Fly out, F9 (Flyball, 9D, EV 106.9 MPH)
|
| Top of the 9th over - 0 runs, 0 hits, 0 errors, 2 left on base; Spokane 1 - Tucson 2 |
|